 Seeded DCSS version 0.29-a0-392-g297d3b089c (webtiles) character file.

Game seed: 62584 (custom seed)

39366 Psyclone the Thaumaturge (level 14, -2/101 HPs)
             Began as an Octopode Ice Elementalist on May 9, 2022.
             Was an Initiate of Gozag.
             Slain by an orc warrior
             ... wielding a +0 glaive
              (18 damage)
             ... on level 2 of the Orcish Mines.
             The game lasted 00:41:57 (20634 turns).

Psyclone the Thaumaturge (OpIE)                    Turns: 20634, Time: 00:41:58

Health: -2/101     AC: 18    Str:  7    XL:     14   Next: 6%
Magic:  16/29      EV: 23    Int: 28    God:    Gozag
Gold:   1216       SH:  0    Dex: 25    Spells: 20/36 levels left

rFire   . . .      SeeInvis +   a - +6 dagger (speed)
rCold   + + .      Faith    .   (no shield)
rNeg    . . .      Spirit   .   (helmet restricted)
rPois   .          Reflect  .   s - amulet of the acrobat
rElec   +          Harm     .   P - ring of ice
rCorr   .          Rampage  .   h - +6 ring of dexterity
Will    +++..      Clarity  +   d - +4 ring of protection
Stlth   ++++......              c - +6 ring of intelligence
HPRegen 0.26/turn               C - ring of protection from cold
MPRegen 0.21/turn               b - +6 ring of dexterity
                                Q - ring of Atwau {rElec Will+ SInv}
                                G - ring of protection from fire

@: lethally poisoned (-2 -> -8), ice-armoured, gold aura, freezing walls,
studying Ice Magic
A: almost no armour, amphibious, 8 rings, camouflage 1, gelatinous body 1,
(nimble swimmer 1), tentacles, iridescent scales 1, clarity, strong-willed 1
a: Renounce Religion, Potion Petition, Call Merchant, Bribe Branch


You were on level 2 of the Orcish Mines.
You worshipped Gozag.
Gozag was most pleased with you.
You visited 4 branches of the dungeon, and saw 18 of its levels.
You also visited: Ice Cave.

You collected 4021 gold pieces.
You spent 734 gold pieces at shops.
You paid 2071 gold pieces to Gozag.

Inventory:

Hand Weapons
 a - a +6 dagger of speed (weapon)
Missiles
 q - 2 throwing nets {!f}
Armour
 J - a +2 buckler
Jewellery
 b - a +6 ring of dexterity (on tentacle)
 c - a +6 ring of intelligence (on tentacle)
 d - a +4 ring of protection (on tentacle)
 h - a +6 ring of dexterity (right tentacle)
 s - an amulet of the acrobat (around mantle)
 y - a ring of ice
 C - a ring of protection from cold (on tentacle)
 G - a ring of protection from fire (on tentacle)
 P - a ring of ice (left tentacle)
 Q - the ring of Atwau (on tentacle) {rElec Will+ SInv}
   (You bought it in a shop on level 2 of the Lair of Beasts)

   [ring of willpower]

   rElec:     It insulates you from electricity.
   SInv:      It lets you see invisible.
   Will:      It increases your willpower.
Wands
 f - a wand of iceblast (13)
 m - a wand of flame (37)
 t - a wand of digging (3)
 x - a wand of acid (15)
 E - a wand of polymorph (1)
 F - a wand of paralysis (6)
Scrolls
 e - 13 scrolls of teleportation
 g - a scroll of torment
 i - 2 scrolls of blinking
 k - 4 scrolls of amnesia
 l - a scroll of magic mapping
 n - 3 scrolls of enchant armour
 p - 3 scrolls of fear
 v - 2 scrolls of summoning
 B - 3 scrolls of immolation
 I - a scroll of poison
 K - 5 scrolls of identify {@r1}
Potions
 j - a potion of ambrosia
 r - 4 potions of haste
 u - 2 potions of mutation
 w - 2 potions of brilliance
 z - a potion of cancellation {unknown}
 A - 5 potions of curing
 H - 2 potions of invisibility
 M - a potion of lignification
 O - a potion of resistance
Miscellaneous
 N - a box of beasts


   Skills:
 - Level 11.1 Fighting
 - Level 10.0 Short Blades
 - Level 11.3 Dodging
 - Level 2.6 Stealth
 - Level 11.7 Spellcasting
 + Level 10.4 Ice Magic


You had 20 spell levels left.
You knew the following spells:

 Your Spells              Type           Power      Damage    Failure   Level
a - Freeze                Ice            100%       1d11      1%          1
b - Frozen Ramparts       Ice            100%       1d12      1%          3
c - Ozocubu's Armour      Ice            84%        N/A       1%          3
d - Hailstorm             Conj/Ice       62%        3d13      4%          4
e - Lesser Beckoning      Tloc           16%        N/A       10%         3
q - Blink                 Tloc           32%        N/A       4%          2

Your spell library contained the following spells:

 Spells                   Type           Power      Damage    Failure   Level
 Animate Skeleton         Necr           32%        N/A       3%          1
 Apportation              Tloc           32%        N/A       3%          1
 Beastly Appendage        Tmut           32%        N/A       3%          1
 Pain                     Necr           64%        1d7       3%          1
 Sandblast                Erth           32%        2d9       3%          1
 Shock                    Conj/Air       64%        1d7       3%          1
 Slow                     Hex            64%        N/A       3%          1
 Corpse Rot               Necr/Air       32%        N/A       4%          2
 Passwall                 Tmut/Erth      13%        N/A       4%          2
 Poisonous Vapours        Pois/Air       32%        N/A       4%          2
 Static Discharge         Conj/Air       16%        N/A       4%          2
 Wereblood                Tmut           16%        N/A       4%          2
 Dazzling Flash           Conj/Hex       32%        N/A       10%         3
 Gell's Gravitas          Tloc           16%        N/A       10%         3
 Spider Form              Tmut/Pois      16%        N/A       10%         3
 Stone Arrow              Conj/Erth      32%        3d9       10%         3
 Swiftness                Air            16%        N/A       10%         3
 Teleport Other           Tloc           16%        N/A       10%         3
 Vampiric Draining        Necr           16%        2d7       10%         3
 Airstrike                Air            8%         N/A       32%         4
 Dispel Undead            Necr           16%        3d10      32%         4
 Iskenderun's Mystic Bla  Conj/Tloc      16%        2d5       32%         4
 Olgreb's Toxic Radiance  Pois           16%        N/A       32%         4
 Sticky Flame             Conj/Fire      16%        2d4       32%         4
 Alistair's Intoxication  Tmut/Pois      10%        N/A       67%         5
 Iskenderun's Battlesphe  Conj           16%        2d7       67%         5
 Manifold Assault         Tloc           16%        N/A       67%         5
 Summon Forest            Summ/Tloc      8%         N/A       67%         5
 Eringya's Noxious Bog    Tmut/Pois      8%         N/A       99%         6
 Iron Shot                Conj/Erth      8%         9d3       99%         6
 Starburst                Conj/Fire      8%         6d4       99%         6
 Spellforged Servitor     Conj/Summ      8%         N/A       100%        7
 Storm Form               Tmut/Air       8%         N/A       100%        7
 Summon Hydra             Summ           8%         N/A       100%        7


Dungeon Overview and Level Annotations

Branches:
Dungeon (12/15)            Temple (1/1) D:6            Lair (3/6) D:11
    Orc (2/2) D:12            Elf (0/3) Orc:2         IceCv (visited)
  Swamp: Lair:2-4    Shoals: Lair:2-4     Snake: Lair:2-4    Spider: Lair:2-4

Altars:
Ashenzari
Cheibriados
Dithmenos
Elyvilon
Fedhas
Gozag
Hepliaklqana
Kikubaaqudgha
Makhleb
Nemelex Xobeh
Okawaru
Qazlal
Ru
Sif Muna
Trog
Uskayaw
Vehumet
Wu Jian
Xom
Yredelemnul
Zin
The Shining One

Shops:
D:3 (   D:9 =   D:11 *   D:12 [(   Orc:1 [   Orc:2 =?   Lair:2 =

Annotations:
D:7 exclusion: 2 downstairs
D:8 exclusion: downstairs
D:9 Erolcha
Orc:2 Saint Roka


Innate Abilities, Weirdness & Mutations

You cannot wear most types of armour.
You are amphibious.
You can wear up to eight rings at the same time.
Your skin changes colour to match your surroundings (Stealth+).
Your rubbery body absorbs attacks. (AC +1, EV +1)
((You are camouflaged when in or above water. (Stealth+)))
You have tentacles for arms and can constrict up to eight enemies at once.
You are partially covered in iridescent scales. (AC +2)
You possess an exceptional clarity of mind.
You are strong-willed. (Will+)


Message History

Training target 10.0 for Short Blades reached!
Your Short Blades skill increases to level 10!
You need to enable at least one skill for training.
Your Ice Magic skill increases to level 10!
An orc knight comes into view. It is wielding a +2 vorpal great mace.
You take 3 damage, and have 20/101 hp.
You now have 19/29 mp.
You feel very sick.
The orc shouts!
The orc knight shouts!
The orc knight is no longer distracted by gold.
The orc warrior is engulfed in poison gas.
The orc warrior looks even sicker.
The wall freezes the orc knight.
The orc knight is engulfed in poison gas.
The orc knight looks as sick as possible!
You kill the orc knight!
The orc knight is engulfed in poison gas.
The orc knight looks even sicker.
The wall freezes the orc warrior.
The wall freezes the orc knight!
You take 3 damage, and have 17/101 hp.
Casting: Hailstorm (dangerous; 4% risk of failure)
Confirm with . or Enter, or press ? or * to list all spells.
Casting: Hailstorm (dangerous; 4% risk of failure)
Press: ? - help, Dir - look around, f - activate You feel a surge of power!
A cannonade of hail descends around you!
The hail pelts the orc warrior!!
You kill the orc warrior!
The hail pelts the orc warrior!
The orc warrior is almost dead.
The hail pelts the orc knight!
You kill the orc knight!
You feel sick.
The orc knight is engulfed in poison gas.
The orc knight is poisoned.
The wall freezes the orc warrior.
The orc warrior is distracted by your dazzling golden aura.
The wall freezes the orc knight!
You kill the orc knight!
The wall freezes the orc warrior!
The orc warrior hits you with a +0 glaive!!
You die...
Your body crumbles into a pile of gold.

*******####..#...o..oo...#.......
,,,,,,,............ooo...........
,,,,,,,..........oo.oo...........
*,***,**#####.o######............
*,* *,* #..#,§§§#............
*,***,*######..#,$§§#............
,,,,,,,h..§o§§.#,o$.#............
,,,,,,*##o###§$##$###☼§§.........
,,,⌠,,* *,* #$$$@o§☼§§§§#...$....
,,,,,,* *,* #§###§###§§§.........
*+***,***,**#.*,oo$§*,,,,,,,,,,,,
,,,,*,,,,,,,..*,,.$.#,,,,,,,,,,,,
,,,,*,***,*##.*,,§.§#,,,*,,,,,,,,
,_,,*,* *,* #.*,,§§§#,,,,*,,,,,,,
*****,***,**#.***####,,,,,*,,,,,,
,,,,,,,,,,,,,,,,,,,,,,,,,*,,,,,,,
,,,,,,,,,,,,,,,,,,,,,,,,,,,,,,,,,


You could see an orc knight (poisoned), 2 orc warriors and an orc (strong).

Vanquished Creatures
  5 hydras
  A boulder beetle (D:12)
  2 ironbound frosthearts (IceCv)
  A catoblepas (Lair:2)
  5 two-headed ogres
  5 death yaks (IceCv)
  Lodul (D:10)
  3 orc knights (Orc:2)
  Pikel (D:9)
  An ugly thing (D:9)
  A manticore (D:7)
  An orc sorcerer (Orc:2)
  A cyclops (D:11)
  Joseph (D:10)
  3 cane toads
  An ice statue (IceCv)
  An unseen horror (D:10)
  3 komodo dragons
  2 rime drakes
  3 trolls
  17 polar bears
  A merfolk (D:10)
  Prince Ribbit (Lair:1)
  2 slime creatures
  2 blink frogs (Lair:1)
  3 wraiths
  37 yaks
  A basilisk (Lair:1)
  A wyvern (D:9)
  2 vampire mosquitoes (D:11)
  4 wargs
  2 steam dragons
  4 water moccasins
  Duvessa (D:4)
  13 orc warriors
  7 black bears
  5 ice beasts
  A sky beast (D:6)
  18 wolves
  11 ogres
  4 centaurs
  4 phantoms
  Blork the orc (D:4)
  3 lemures (D:9)
  3 kobold brigands
  3 necrophages
  7 bullfrogs
  2 gnoll sergeants
  3 scorpions
  5 wights (D:9)
  Dowan (D:4)
  18 killer bees
  3 howler monkeys
  5 jellies
  8 orc priests
  2 gnoll shamans
  2 hounds
  Ijyb (D:3)
  2 iguanas (D:7)
  13 orc wizards
  18 gnolls
  7 adders
  13 white imps
  An ufetubus (D:5)
  3 worms
  5 dart slugs
  55 orcs
  6 ball pythons
  4 endoplasms
  3 giant cockroaches
  3 goblins
  6 hobgoblins
  6 jackals
  24 kobolds
  9 quokkas
  7 bats
  A frilled lizard (D:2)
  5 rats
441 creatures vanquished.

Vanquished Creatures (others)
  7 fungi
  8 plants
15 creatures vanquished.

Grand Total: 456 creatures vanquished

Notes
Turn   | Place    | Note
-------+----------+-------------------------------------------
     0 | D:1      | Psyclone the Octopode Ice Elementalist began the quest for
                  | the Orb.
     0 | D:1      | Reached XP level 1. HP: 11/11 MP: 3/3
    44 | D:1      | Reached XP level 2. HP: 17/17 MP: 0/5
   230 | D:1      | Got the Papyrus of Entrancing Envenoming
   357 | D:1      | Found a faded altar of an unknown god.
   581 | D:1      | Reached XP level 3. HP: 21/21 MP: 5/7
  1226 | D:2      | Reached XP level 4. HP: 27/27 MP: 9/9
  1323 | D:2      | Noticed a black bear
  1335 | D:2      | Learned a level 3 spell: Frozen Ramparts
  1339 | D:2      | Learned a level 3 spell: Ozocubu's Armour
  1367 | D:2      | Killed a black bear
  1368 | D:2      | Reached XP level 5. HP: 31/31 MP: 0/11
  1536 | D:2      | Reached skill level 5 in Ice Magic
  1882 | D:3      | Noticed Ijyb
  1894 | D:3      | Killed Ijyb
  1904 | D:3      | Reached XP level 6. HP: 36/36 MP: 4/13
  2008 | D:3      | Found Wuac's Weapon Shop.
  2577 | D:3      | Gained mutation: You passively map a small area around you.
                  | [potion of mutation]
  2577 | D:3      | Gained mutation: You passively map the area around you.
                  | [potion of mutation]
  2577 | D:3      | Gained mutation: You sometimes lose the ability to read
                  | scrolls when taking damage. [potion of mutation]
  2656 | D:4      | Noticed Dowan
  2661 | D:4      | Noticed Duvessa
  2666 | D:4      | Killed Duvessa
  2667 | D:4      | Reached skill level 5 in Spellcasting
  2667 | D:4      | Killed Dowan
  2987 | D:4      | Reached XP level 7. HP: 28/41 MP: 12/15
  3122 | D:4      | Noticed Blork the orc
  3162 | D:4      | Killed Blork the orc
  3942 | D:4      | Learned a level 4 spell: Hailstorm
  3945 | D:4      | Learned a level 2 spell: Blink
  3977 | D:5      | Entered Level 5 of the Dungeon
  4441 | D:5      | Reached XP level 8. HP: 43/46 MP: 18/18
  5221 | D:6      | You fall into a shaft and drop 1 floor!
  5221 | D:7      | Noticed a manticore
  5229 | D:7      | Killed a manticore
  5494 | D:7      | Reached XP level 9. HP: 43/51 MP: 10/21
  5514 | D:7      | Learned a level 3 spell: Lesser Beckoning
  5921 | D:6      | Reached skill level 10 in Spellcasting
  6152 | D:6      | Found a staircase to the Ecumenical Temple.
  6157 | Temple   | Entered the Ecumenical Temple
  6412 | Temple   | Became a worshipper of Gozag Ym Sagoz the Greedy
  6911 | D:7      | Reached XP level 10. HP: 40/56 MP: 19/24
  6996 | D:7      | Noticed a two-headed ogre
  6996 | D:7      | Noticed a two-headed ogre
  7001 | D:7      | Killed a two-headed ogre
  7002 | D:7      | Killed a two-headed ogre
  8352 | D:8      | Reached skill level 1 in Fighting
  8709 | D:8      | Noticed a two-headed ogre
  8723 | D:8      | Killed a two-headed ogre
  9050 | D:8      | Reached XP level 11. HP: 54/67 MP: 26/26
  9463 | D:8      | Identified the +8 ring mail of a bailey {rElec}
  9669 | D:8      | Noticed a two-headed ogre
  9680 | D:8      | Killed a two-headed ogre
  9681 | D:8      | Reached skill level 5 in Dodging
 10684 | D:8      | Reached skill level 5 in Fighting
 10955 | D:9      | Noticed Pikel
 10964 | D:9      | Killed Pikel
 11065 | D:9      | Noticed a brown ugly thing
 11071 | D:9      | Killed a brown ugly thing
 11168 | D:9      | Noticed Erolcha
 12102 | D:9      | Noticed a two-headed ogre
 12103 | D:9      | Found a radiant altar of Vehumet.
 12115 | D:9      | Killed a two-headed ogre
 12650 | D:10     | Entered Level 10 of the Dungeon
 13045 | D:10     | Noticed Joseph
 13062 | D:10     | Killed Joseph
 13118 | D:10     | Noticed Lodul
 13131 | D:10     | Killed Lodul
 13145 | D:10     | Reached XP level 12. HP: 49/82 MP: 1/27
 13812 | D:11     | Noticed a seven-headed hydra
 14514 | D:11     | Found a staircase to the Lair.
 14866 | D:11     | Killed a seven-headed hydra
 15017 | Lair:1   | Entered Level 1 of the Lair of Beasts
 15027 | Lair:1   | Noticed Prince Ribbit
 15036 | Lair:1   | Killed Prince Ribbit
 15049 | Lair:1   | Lost mutation: You sometimes lose the ability to read
                  | scrolls when taking damage. [potion of mutation]
 15049 | Lair:1   | Lost mutation: You passively map the area around you.
                  | [potion of mutation]
 15049 | Lair:1   | Gained mutation: You are frail. (-10% HP) [potion of
                  | mutation]
 15049 | Lair:1   | Gained mutation: One of your tentacles bears a spike.
                  | [potion of mutation]
 15049 | Lair:1   | Gained mutation: You are partially covered in iridescent
                  | scales. (AC +2) [potion of mutation]
 15050 | Lair:1   | Lost mutation: You are frail. (-10% HP) [potion of
                  | mutation]
 15050 | Lair:1   | Lost mutation: You passively map a small area around you.
                  | [potion of mutation]
 15050 | Lair:1   | Gained mutation: Your body sometimes deteriorates upon
                  | taking damage. [potion of mutation]
 15050 | Lair:1   | Gained mutation: You are strong-willed. (Will+) [potion of
                  | mutation]
 15050 | Lair:1   | Gained mutation: You are agile. (Dex +2) [potion of
                  | mutation]
 15051 | Lair:1   | Lost mutation: You are agile. (Dex +2) [potion of mutation]
 15051 | Lair:1   | Lost mutation: Your body sometimes deteriorates upon taking
                  | damage. [potion of mutation]
 15051 | Lair:1   | Lost mutation: One of your tentacles bears a spike. [potion
                  | of mutation]
 15051 | Lair:1   | Gained mutation: You possess an exceptional clarity of
                  | mind. [potion of mutation]
 15566 | Lair:1   | Reached skill level 10 in Dodging
 15895 | Lair:1   | Noticed a four-headed hydra
 15906 | Lair:1   | Killed a four-headed hydra
 15907 | Lair:1   | Reached skill level 10 in Fighting
 16455 | Lair:2   | Noticed a four-headed hydra
 16487 | Lair:2   | Killed a four-headed hydra
 16643 | Lair:2   | Found a frozen archway.
 16819 | IceCv    | Entered an ice cave
 16881 | IceCv    | Noticed a death yak
 16884 | IceCv    | Noticed a death yak
 16884 | IceCv    | Noticed a death yak
 16890 | IceCv    | Killed a death yak
 16891 | IceCv    | Reached XP level 13. HP: 93/93 MP: 22/28
 17407 | IceCv    | Reached skill level 1 in Short Blades
 17814 | IceCv    | Reached skill level 5 in Short Blades
 18710 | Lair:2   | Bought the ring of Atwau {rElec Will+ SInv} for 734 gold
                  | pieces
 19817 | D:12     | Found Vaus's Weapon Emporium.
 19817 | D:12     | Found a staircase to the Orcish Mines.
 19817 | D:12     | Found Rukyugax's Armour Emporium.
 20552 | Orc:1    | Entered Level 1 of the Orcish Mines
 20585 | Orc:1    | Found Pycuk's Antique Armour Shop.
 20598 | Orc:2    | Entered Level 2 of the Orcish Mines
 20598 | Orc:2    | Noticed Saint Roka
 20624 | Orc:2    | Found Xeahyas's Jewellery Shop.
 20625 | Orc:2    | Found Monyvos's Magic Scroll Shoppe.
 20632 | Orc:2    | Reached XP level 14. HP: 23/101 MP: 23/29
 20633 | Orc:2    | Reached skill level 10 in Short Blades
 20633 | Orc:2    | Reached skill level 10 in Ice Magic
 20634 | Orc:2    | Slain by an orc warrior

Illustrated notes

Levels and vault maps discovered:
D:1:      lightli_arrival_chessboard, layout_basic,
          hellmonk_ecumenical_altar_zigzags
D:2:      layout_loops_cross
D:3:      layout_basic, serial_shops, nicolae_shop_bloodbath_and_beyond,
          minivault_19, uniq_ijyb
D:4:      cheibrodos_thug_alley, layout_basic, uniq_duvessa, uniq_blork_the_orc
D:5:      layout_layer_cave
D:6:      cheibrodos_fzero, layout_gridville, temple_doors_e
D:7:      nzn_winding_woodlands_small [nzn_winding_woodlands_5x15_zeroes,
          nzn_winding_woodlands_center_lodge,
          nzn_winding_woodlands_5x15_garden], layout_basic, feat_on_display
D:8:      layout_loops_corners, chequers_serial_rivers_large_a,
          wad_floor_pattern_2
D:9:      layout_cave_pods, mainiacjoe_overflow_tiny_flanked, uniq_erolcha,
          uniq_pikel
D:10:     layout_rooms, hangedman_fish_farm, uniq_lodul, uniq_joseph
D:11:     layout_gridville, david_lair_shrubbed
D:12:     layout_rooms, orc_david_3
Temple:   mainiacjoe_temple_archimedes_tessellation
Lair:1:   layout_loops_ring, minivault_24, minivault_23, st_stairs_7,
          chequers_serial_rivers_room_a, uniq_prince_ribbit2
Lair:2:   beast_lair_carwin_large_1, layout_cave_pods,
          portal_ice_cave_entry_imps
Lair:3:   layout_small_grid, minmay_swamp_entry_wisps
Orc:1:    layout_diamond_mine, serial_shops, shop, basic_altar, uniq_snorg
Orc:2:    st_orc_town, layout_caves, basic_altar, mines5_lemuel, uniq_saint_roka

Skill      XL: |  1  2  3  4  5  6  7  8  9 10 11 12 13 14 |
---------------+-------------------------------------------+-----
Spellcasting   | 3 4 5 7 8 10 11 | 11.7
Ice Magic      | 5 6 7 8 9 10 | 10.4
Fighting       | 3 7 10 11 | 11.1
Dodging        | 4 8 10 11 | 11.3
Short Blades   | 9 10 | 10.0
Stealth        | |  2.6

Action                   |  1- 3 |  4- 6 |  7- 9 | 10-12 | 13-15 || total
-------------------------+-------+-------+-------+-------+-------++-------
Melee: Unarmed           |    10 |       |       |       |       ||    10
       Tentacles         |     8 |     8 |    37 |    98 |    78 ||   229
       Constrict         |     6 |    11 |    22 |    49 |     9 ||    97
       Dagger            |     8 |    49 |   148 |   342 |   243 ||   790
       Punch             |       |       |     3 |     6 |     4 ||    13
 Cast: Freeze            |    29 |    11 |     7 |    59 |    15 ||   121
       Frozen Ramparts   |       |     8 |    15 |    53 |    18 ||    94
       Ozocubu's Armour  |       |     1 |     9 |    44 |    17 ||    71
       Hailstorm         |       |       |     4 |    42 |    24 ||    70
       Blink             |       |       |       |     1 |       ||     1
Invok: Call Merchant     |       |       |       |     2 |     1 ||     3
Evoke: Wand              |       |       |       |     4 |       ||     4
  Use: Potion            |     2 |     4 |     5 |     6 |     2 ||    19
       Scroll            |     3 |     6 |     5 |     4 |     4 ||    22
 Stab: Sleeping          |     7 |     7 |     8 |    11 |     1 ||    34
       Distracted        |       |     2 |       |     6 |     3 ||    11
Armor: Skin              |     4 |     7 |    39 |    71 |    45 ||   166
Dodge: Dodged            |    16 |    39 |    88 |   414 |   229 ||   786

Table legend: (Time is in decaauts)
 A = Elapsed time spent in this place.
 B = Non-inter-level travel time spent in this place.
 C = Inter-level travel time spent in this place.
 D = Time resting spent in this place.
 E = Time spent auto-exploring this place.
 F = Levels seen in this place.
 G = Mean time per level.
                   A        B        C        D        E       F      G
               +--------+--------+--------+--------+--------+-----+--------+
         Total |  20298 |  19651 |    647 |   3071 |  12993 |  19 | 1068.3 |
       Dungeon |  15554 |  15036 |    518 |   2262 |  10254 |  12 | 1296.2 |
        Temple |    267 |    255 |     12 |      0 |    206 |   1 |  267.0 |
          Lair |   2799 |   2683 |    116 |    205 |   1854 |   3 |  933.0 |
  Orcish Mines |     75 |     75 |      0 |      0 |      0 |   2 |   37.5 |
      Ice Cave |   1601 |   1601 |      0 |    604 |    679 |   1 | 1601.0 |
               +--------+--------+--------+--------+--------+-----+--------+

Top non-repeatable levels by time:
     D:7: 2537 daAuts
     D:8: 2102 daAuts
   IceCv: 1601 daAuts
     D:9: 1485 daAuts
  Lair:2: 1401 daAuts
  Lair:1: 1354 daAuts
     D:4: 1335 daAuts
    D:11: 1227 daAuts
     D:5: 1166 daAuts
    D:10: 1149 daAuts
     D:6: 1019 daAuts
    D:12: 929 daAuts
     D:2: 886 daAuts
     D:3: 875 daAuts
     D:1: 839 daAuts
